 Dungeon Crawl Stone Soup version 0.28-a0-563-gf77a47075d (webtiles) character file.

Game seed: 629987189248655308

59152 Drevant2 the Cryomancer (level 14, 0/107 HPs)
             Began as a White Draconian Ice Elementalist on Sept 25, 2021.
             Was an Elder of Sif Muna.
             Succumbed to a black mamba's poison
             ... on level 5 of the Lair of Beasts on Sept 29, 2021.
             The game lasted 02:52:13 (43414 turns).

Drevant2 the Cryomancer (DrIE)                     Turns: 43414, Time: 02:52:13

Health: 0/107      AC: 13    Str: 11    XL:     14   Next: 52%
Magic:  6/26       EV: 13    Int: 25    God:    Sif Muna [****..]
Gold:   774        SH:  0    Dex: 13    Spells: 3/29 levels left

rFire   . . .      SeeInvis .   K - +2 dagger (venom)
rCold   + . .      Faith    .   (no shield)
rNeg    . . .      Spirit   .   (armour unavailable)
rPois   .          Reflect  .   p - +2 hat
rElec   .          Harm     .   (no cloak)
rCorr   .          Rampage  .   F - +2 pair of gloves {Stlth+}
Will    ++...                   (no boots)
Stlth   +++.......              (no amulet)
HPRegen 0.27/turn               C - +6 ring of intelligence
MPRegen 0.20/turn               v - ring of willpower

@: lethally poisoned (0 -> -1), hasted, very quick
A: breathe frost, AC +8, unfitting armour, cold resistance 1, cold-blooded
a: Breathe Frost, Renounce Religion, Channel Magic, Forget Spell, Divine
Exegesis


You were on level 5 of the Lair of Beasts.
You worshipped Sif Muna.
Sif Muna was greatly pleased with you.
You visited 5 branches of the dungeon, and saw 24 of its levels.
You also visited: Sewer.

You collected 1921 gold pieces.
You spent 1147 gold pieces at shops.

Inventory:

Hand Weapons
 d - a +0 dagger of venom
 l - the +4 shortbow of Fimbulwinter {freeze, rElec Will+ Int-5}
   (You found it in a sewer)

   Any ammunition fired from it freezes those it strikes, dealing additional
   cold damage.
   It can also slow down cold-blooded creatures.
   Int:       It affects your intelligence (-5).
   rElec:     It insulates you from electricity.
   Will:      It increases your willpower.
 A - a +4 battleaxe of freezing
 K - a +2 dagger of venom (weapon)
Armour
 k - a +1 robe of willpower
 p - a +2 hat (worn)
 r - a +0 pair of gloves
 F - a +2 pair of gloves of stealth (worn)
Jewellery
 a - a +6 ring of intelligence
 e - a ring of protection from fire
 q - a ring of resist corrosion
 u - an amulet of faith
 v - a ring of willpower (right hand)
 C - a +6 ring of intelligence (left hand)
 D - a ring of ice
Wands
 c - a wand of mindburst (11)
 n - a wand of polymorph (24)
 s - a wand of flame (21)
 G - a wand of charming (7)
 J - a wand of paralysis (10)
 L - a wand of iceblast (8)
Scrolls
 b - 3 scrolls of enchant armour
 f - 3 scrolls of summoning {unknown}
 g - 3 scrolls of brand weapon {unknown}
 i - 3 scrolls of silence
 j - 5 scrolls of teleportation
 m - 2 scrolls of amnesia {unknown}
 o - 5 scrolls of immolation
 t - a scroll of blinking
 x - 2 scrolls of vulnerability
 y - a scroll of fog
 E - 3 scrolls of magic mapping
 H - 2 scrolls of enchant weapon {unknown}
 I - 2 scrolls of fear
 M - a scroll of identify
Potions
 h - 2 potions of brilliance
 w - a potion of mutation
 z - a potion of haste
 B - a potion of magic


   Skills:
 - Level 5.2 Fighting
 - Level 6.0 Short Blades
 - Level 5.0 Dodging
 - Level 1.7 Stealth
 - Level 8.3 Spellcasting
 - Level 8.2 Conjurations
 - Level 10.4 Necromancy
 + Level 21.7 Ice Magic


You had 3 spell levels left.
You knew the following spells:

 Your Spells              Type           Power      Damage    Failure   Level
a - Freeze                Ice            100%       1d11      0%          1
b - Frozen Ramparts       Ice            100%       1d12      0%          3
c - Ozocubu's Armour      Ice            87%        N/A       0%          3
d - Hailstorm             Conj/Ice       71%        3d15      1%          4
e - Simulacrum            Ice/Necr       37%        N/A       1%          6
f - Polar Vortex          Ice            43%        N/A       63%         9

Your spell library contained the following spells:

 Spells                   Type           Power      Damage    Failure   Level
 Foxfire                  Conj/Fire      100%       2x1d9     1%          1
 Static Discharge         Conj/Air       30%        N/A       1%          2
 Conjure Flame            Conj/Fire      30%        6-21      3%          3
 Dazzling Flash           Conj/Hex       60%        N/A       3%          3
 Call Canine Familiar     Summ           10%        N/A       19%         3
 Inner Flame              Hex/Fire       10%        N/A       19%         3
 Portal Projectile        Hex/Tloc       20%        N/A       19%         3
 Tukima's Dance           Hex            10%        N/A       19%         3
 Ice Form                 Ice/Tmut       59%        N/A       1%          4
 Summon Ice Beast         Ice/Summ       59%        N/A       1%          4
 Metabolic Englaciation   Hex/Ice        29%        N/A       1%          5
 Ozocubu's Refrigeration  Ice            43%        4d13      1%          7
 Flame Wave               Conj/Fire      30%        3d7       11%         4
 Lightning Bolt           Conj/Air       15%        1d29      30%         5
 Leda's Liquefaction      Hex/Erth       5%         N/A       52%         4
 Passage of Golubria      Tloc           N/A        N/A       52%         4
 Yara's Violent Unravell  Hex/Tmut       5%         3d4       86%         5
 Maxwell's Capacitive Co  Air            5%         ∞         100%        8


Dungeon Overview and Level Annotations

Branches:
Dungeon (14/15)            Temple (1/1) D:7            Lair (6/6) D:11
 Shoals (0/4) Lair:3        Snake (0/4) Lair:4          Orc (2/2) D:11
    Elf (1/3) Orc:2         Sewer (visited)
  Slime: Lair:5-6    Vaults: D:13-14

Altars:
Ashenzari
Cheibriados
Dithmenos
Fedhas
Gozag
Hepliaklqana
Kikubaaqudgha
Makhleb
Nemelex Xobeh
Okawaru
Qazlal
Ru
Sif Muna
Trog
Uskayaw
Vehumet
Wu Jian
Xom
Yredelemnul
Zin
The Shining One
Beogh

Shops:
D:5 *   D:7 :   D:8 =   D:10 ?   Orc:2 **:[


Innate Abilities, Weirdness & Mutations

You can breathe waves of freezing cold which knock back foes.
Your icy white scales are hard. (AC +8)
You cannot fit into any form of body armour.
Your flesh is cold resistant. (rC+)
You are cold-blooded and may be slowed by cold attacks.


Message History

You feel very sick. The black mamba completely misses you.
You climb upwards.
* * * LOW HITPOINT WARNING * * *
You feel very sick.
There is a stone staircase leading down here.
You feel very sick.
You feel very sick.
You feel very sick. The black mamba misses you.
You feel sick.
Okay, then.
As you read the scroll of teleportation, it crumbles to dust.
You feel strangely unstable.
You feel sick. The black mamba closely misses you.
You feel sick.
The black mamba bites you but does no damage.
You feel sick.
Unknown command.
You feel sick.
You feel sick. The black mamba bites you.
* * * LOW HITPOINT WARNING * * *
Your surroundings suddenly seem different.
* * * LOW HITPOINT WARNING * * *
You feel sick.
The black mamba hisses angrily.
Okay, then.
Okay, then.
Okay, then.
Okay, then.
* * * LOW HITPOINT WARNING * * *
You feel sick.
* * * LOW HITPOINT WARNING * * *
You feel sick.
* * * LOW HITPOINT WARNING * * *
You feel sick.
* * * LOW HITPOINT WARNING * * *
You feel sick.
* * * LOW HITPOINT WARNING * * *
You feel sick.
You die...

## #P..#.##.#.......#...###
.###...#####..h....###..#.###
...#P...###......### #.#....##
.......#.#.#.....#.####......#
....................####....###
#....#.................#......#
##...##...................#...###
.#..........S.............##.....
....#.#......#..@................
.<...#......###..................
...P#......####.#..[........#....
..........##.####..####......#...
.#..........##P#...# ##..........
≈≈................## #.#.........
..≈.≈............## ###..........
≈≈≈≈≈..PP.#.......###.......#.#..
≈≈≈≈≈≈.######.P....#........####.


You could see a polar bear and a black mamba.

Vanquished Creatures
  Josephine (Lair:4)
  3 hydras
  An ogre mage (Orc:1)
  A boulder beetle (Lair:5)
  5 two-headed ogres
  6 orc high priests (Orc:2)
  Pikel (D:8)
  5 deep elf zephyrmancers (Elf:1)
  An orc sorcerer (Orc:1)
  A deep elf pyromancer (D:13)
  A manticore (D:10)
  Maurice (Orc:1)
  A cyclops (D:12)
  2 black mambas
  14 elephants
  A centaur zombie (D:11)
  8 cane toads
  An unseen horror (D:11)
  An efreet (D:11)
  9 komodo dragons
  3 rime drakes
  5 trolls
  2 polar bears
  A hornet (D:11)
  Grinder (D:5)
  9 blink frogs
  A snapping turtle (Lair:3)
  Prince Ribbit (D:7)
  3 slime creatures (D:12)
  Sigmund (D:3)
  2 shadows (D:11)
  A vampire (D:11)
  2 wraiths
  6 wyverns
  4 basilisks
  59 yaks
  5 vampire mosquitoes (D:11)
  A steam dragon (D:7)
  7 wargs
  2 two-headed ogre zombies (D:11)
  An acid dragon (D:9)
  19 water moccasins
  6 black bears
  12 orc warriors
  An ice beast (D:7)
  4 necrophages
  8 ogres
  21 wolves
  4 centaurs
  2 lemures
  A kobold brigand (D:8)
  A phantom (D:11)
  8 bullfrogs
  A gnoll sergeant (D:9)
  4 scorpions
  A wyvern zombie (D:8)
  4 water moccasin skeletons
  16 killer bees
  5 wights (D:8)
  An electric eel (Lair:3)
  6 howler monkeys
  2 vampire bats (Lair:5)
  3 hounds
  3 jellies
  A bullfrog zombie (D:6)
  A bullfrog skeleton (D:5)
  32 orc priests
  2 gnoll shamans
  4 iguanas
  11 orc wizards
  6 ogre zombies (D:11)
  16 gnolls
  5 adders
  A worm (D:2)
  3 dart slugs
  64 orcs
  11 bats
  15 endoplasms
  17 giant cockroaches
  12 goblins
  11 hobgoblins
  5 jackals
  15 quokkas
  16 ball pythons
  16 frilled lizards
  3 goblin skeletons (D:11)
  2 goblin zombies (D:11)
  6 hobgoblin zombies (D:11)
  13 kobolds
  2 orc skeletons (D:11)
  12 orc zombies (D:11)
  9 rats
625 creatures vanquished.

Vanquished Creatures (collateral kills)
  Snorg (Lair:4)
  2 hydras (Lair:4)
  An elephant (Lair:6)
  A black mamba (Lair:4)
  3 komodo dragons
  4 blink frogs
  3 yaks (Lair:2)
  2 basilisks (Lair:4)
  2 water moccasins
  A bullfrog (Lair:2)
  2 orc priests (Orc:2)
22 creatures vanquished.

Vanquished Creatures (others)
  A human (D:9)
  121 fungi
  122 plants
244 creatures vanquished.

Grand Total: 891 creatures vanquished

Notes
Turn   | Place    | Note
-------+----------+-------------------------------------------
     0 | D:1      | Drevant2 the Draconian Ice Elementalist began the quest for
                  | the Orb.
     0 | D:1      | Reached XP level 1. HP: 14/14 MP: 3/3
    97 | D:1      | Found a faded altar of an unknown god.
   293 | D:1      | Reached XP level 2. HP: 19/20 MP: 5/5
  1044 | D:2      | Reached skill level 5 in Ice Magic
  1078 | D:2      | Reached XP level 3. HP: 26/26 MP: 3/6
  1082 | D:2      | Learned a level 3 spell: Frozen Ramparts
  1309 | D:2      | Found a glowing silver altar of Zin.
  1778 | D:3      | Reached XP level 4. HP: 33/33 MP: 5/8
  1788 | D:3      | Learned a level 3 spell: Ozocubu's Armour
  1833 | D:3      | Found a glowing drain.
  1866 | Sewer    | Entered a sewer
  2166 | Sewer    | Reached XP level 5. HP: 17/38 MP: 5/9
  2754 | Sewer    | Reached skill level 6 in Ice Magic
  2840 | Sewer    | Identified the +4 shortbow of Fimbulwinter {freeze, rElec
                  | Will+ Int-5}
  2859 | Sewer    | Reached XP level 6. HP: 41/45 MP: 7/10
  3017 | D:2      | Reached skill level 7 in Ice Magic
  3832 | D:3      | Noticed Sigmund
  3845 | D:3      | Killed Sigmund
  3846 | D:3      | Reached skill level 8 in Ice Magic
  3846 | D:3      | Your scales start taking on an icy white colour.
  3846 | D:3      | Reached skill level 9 in Ice Magic
  3846 | D:3      | Reached XP level 7. HP: 39/50 MP: 5/11
  3846 | D:3      | Gained mutation: Your flesh is cold resistant. (rC+) [White
                  | Draconian growth]
  4248 | D:5      | Entered Level 5 of the Dungeon
  4248 | D:5      | Found Ohicut's Neck Hole.
  4596 | D:4      | Reached skill level 10 in Ice Magic
  5059 | D:4      | Learned a level 4 spell: Hailstorm
  5085 | D:4      | Reached skill level 11 in Ice Magic
  5334 | D:4      | Reached skill level 1 in Fighting
  5599 | D:5      | Reached skill level 1 in Short Blades
  5758 | D:5      | Reached XP level 8. HP: 48/61 MP: 8/12
  6131 | D:5      | Noticed Grinder
  6154 | D:5      | Killed Grinder
  6657 | D:5      | Reached skill level 5 in Short Blades
  6683 | D:5      | Reached skill level 1 in Conjurations
  6696 | D:5      | Reached XP level 9. HP: 67/70 MP: 8/13
  7919 | D:6      | Reached skill level 5 in Conjurations
  9214 | D:7      | Found a hide-covered altar of Uskayaw.
  9252 | D:7      | Found a basalt altar of Yredelemnul.
  9369 | D:7      | Found a staircase to the Ecumenical Temple.
  9369 | D:7      | Noticed Prince Ribbit
  9377 | D:7      | Killed Prince Ribbit
  9378 | D:7      | Reached XP level 10. HP: 75/77 MP: 10/14
  9410 | Temple   | Entered the Ecumenical Temple
  9488 | Temple   | Became a worshipper of Sif Muna the Loreminder
  9811 | D:7      | Found Caosso's Book Emporium.
 10040 | D:8      | Noticed Pikel
 10040 | D:8      | Found Naeh's Jewellery Shop.
 10536 | D:8      | Reached skill level 12 in Ice Magic
 10618 | D:8      | Found a blossoming altar of Fedhas.
 11642 | D:8      | Reached * piety under Sif Muna
 12007 | D:8      | Reached skill level 13 in Ice Magic
 12256 | D:8      | Noticed a two-headed ogre
 12985 | D:8      | Killed Pikel
 13126 | D:8      | Found a bloodstained altar of Trog.
 13129 | D:8      | Found a burning altar of Makhleb.
 13276 | D:8      | Noticed a two-headed ogre
 13512 | D:9      | Noticed a two-headed ogre
 13932 | D:10     | Entered Level 10 of the Dungeon
 13932 | D:10     | Found Nauskauf's Magic Scroll Shop.
 13997 | D:9      | Reached skill level 14 in Ice Magic
 14624 | D:9      | Identified the -3 helmet of Classification {rF- Str+2
                  | Slay+3 SInv}
 14815 | D:9      | Found an ancient bone altar of Kikubaaqudgha.
 15349 | D:9      | You fall into a shaft and drop 2 floors!
 15349 | D:11     | Found a staircase to the Orcish Mines.
 15670 | D:9      | Reached skill level 5 in Dodging
 16017 | D:10     | Noticed a manticore
 16164 | D:10     | Killed a manticore
 16642 | D:10     | Noticed a two-headed ogre
 16664 | D:10     | Killed a two-headed ogre
 16665 | D:10     | Reached XP level 11. HP: 68/82 MP: 0/18
 16830 | D:10     | Found an opulent altar of Gozag.
 17020 | D:10     | Found a broken altar of Ashenzari.
 17881 | D:11     | Reached skill level 15 in Ice Magic
 18294 | D:9      | Noticed a two-headed ogre
 18305 | D:9      | Killed a two-headed ogre
 18708 | D:7      | Bought a book of the Tundra for 544 gold pieces
 18715 | D:7      | Learned a level 6 spell: Simulacrum
 18920 | D:9      | Killed a two-headed ogre
 19883 | D:11     | Found a staircase to the Lair.
 19893 | Lair:1   | Entered Level 1 of the Lair of Beasts
 20025 | Lair:1   | Reached skill level 5 in Necromancy
 21307 | Lair:1   | Noticed a five-headed hydra
 21340 | Lair:1   | Killed a five-headed hydra
 21708 | Lair:1   | Reached XP level 12. HP: 62/89 MP: 12/19
 22195 | D:11     | Reached ** piety under Sif Muna
 22401 | D:11     | Noticed a two-headed ogre
 22566 | D:11     | Killed a two-headed ogre
 23880 | D:10     | Bought a scroll of enchant armour for 127 gold pieces
 23923 | Orc:1    | Entered Level 1 of the Orcish Mines
 23942 | Orc:1    | Reached skill level 16 in Ice Magic
 24112 | Orc:1    | Noticed an orc warlord
 25302 | D:11     | Reached *** piety under Sif Muna
 25953 | Lair:1   | Reached skill level 5 in Spellcasting
 26621 | D:10     | Bought a scroll of teleportation for 51 gold pieces
 26621 | D:10     | Bought a scroll of teleportation for 51 gold pieces
 26621 | D:10     | Bought a scroll of identify for 34 gold pieces
 27291 | Lair:1   | Reached skill level 17 in Ice Magic
 28648 | Lair:2   | Reached skill level 18 in Ice Magic
 29297 | Lair:2   | Reached XP level 13. HP: 94/94 MP: 15/22
 29390 | Lair:2   | Reached **** piety under Sif Muna
 30832 | Lair:3   | Reached skill level 19 in Ice Magic
 31823 | Lair:3   | Upgraded the game from 0.28-a0-533-g9f97627e2a to
                  | 0.28-a0-544-g207b005307
 32262 | Lair:3   | Found a staircase to the Shoals.
 32733 | Lair:3   | Reached skill level 10 in Necromancy
 34371 | Lair:4   | Found a staircase to the Snake Pit.
 34721 | Lair:4   | Noticed Snorg
 34727 | Lair:4   | Killed Snorg
 35450 | Lair:4   | Noticed Josephine
 35583 | Lair:4   | Killed Josephine
 35997 | D:11     | You fall into a shaft and drop 3 floors!
 36300 | Orc:1    | Reached skill level 5 in Fighting
 36631 | Orc:1    | Noticed Maurice
 36640 | Orc:1    | Killed Maurice
 36803 | Orc:2    | Entered Level 2 of the Orcish Mines
 37840 | Orc:2    | Found a staircase to the Elven Halls.
 38571 | Orc:2    | Reached XP level 14. HP: 91/103 MP: 11/26
 38882 | Orc:2    | Found Baoraal's Assorted Antiques.
 38882 | Orc:2    | Found Reumot Gieto's Assorted Antiques.
 38888 | Orc:2    | Reached ***** piety under Sif Muna
 38896 | Orc:2    | Received a gift from Sif Muna
 38909 | Orc:2    | Got Sif Muna's Incunabulum of Entrancing Cold {god gift}
 38921 | Orc:2    | Learned a level 9 spell: Polar Vortex
 39174 | Orc:2    | Bought a scroll of identify for 68 gold pieces
 39174 | Orc:2    | Bought a scroll of teleportation for 102 gold pieces
 39174 | Orc:2    | Bought a scroll labelled TUNUWI ADGHAS for 34 gold pieces
 39174 | Orc:2    | Bought a scroll labelled WAKHIL NEXO for 34 gold pieces
 39183 | Orc:2    | Bought a scroll of identify for 68 gold pieces
 39183 | Orc:2    | Bought a scroll labelled XITYNK CASUES for 34 gold pieces
 39235 | Orc:2    | Reached skill level 20 in Ice Magic
 39338 | Orc:2    | Found Imukhov's Book Shop.
 39338 | Orc:2    | Found Guzomaa's Antique Armour Shoppe.
 39635 | Elf:1    | Entered Level 1 of the Elven Halls
 39928 | Orc:2    | HP: 4/107 [+2 vampiric long sword (14)]
 40720 | D:11     | Upgraded the game from 0.28-a0-544-g207b005307 to
                  | 0.28-a0-563-gf77a47075d
 41477 | Lair:5   | Reached skill level 21 in Ice Magic
 42493 | Lair:5   | HP: 5/107 [poisoned by a black mamba]
 42497 | Lair:5   | HP: 2/107 [poisoned by a black mamba]
 42944 | Lair:6   | Entered Level 6 of the Lair of Beasts
 43406 | Lair:5   | HP: 5/107 [poisoned by a black mamba]
 43410 | Lair:5   | HP: 2/107 [poisoned by a black mamba]
 43414 | Lair:5   | Succumbed to a black mamba's poison

Illustrated notes

Levels and vault maps discovered:
D:1:      minmay_arrival_open_corners, layout_loops_cross,
          basic_ecumenical_altar, kennysheep_nondescript
D:2:      minmay_chambers_of_twos, layout_basic, basic_altar,
          minmay_heptomino_l4
D:3:      wander_river, layout_basic, cheibrodos_sewer_entry_sluice,
          grunt_ministairs_7, chequers_serial_rivers_small_a,
          minmay_goblin_outpost, uniq_sigmund
D:4:      cheibrodos_quashed, layout_loops_ring, chequers_jeans, minmay_ruptured
D:5:      layout_rooms, nicolae_shop_sticking_my_neck_out, uniq_grinder
D:6:      layout_loops_ring, chequers_serial_rivers_micro_e
D:7:      layout_basic, mainiacjoe_overflow_alcove_1, nicolae_uskayaw_suspiria,
          minmay_temple_entry_large_hall, serial_shops,
          nicolae_shop_window_shopping, hangedman_decor_clover_reticule,
          kennysheep_cross_bottleneck, kennysheep_generic_room_4,
          uniq_prince_ribbit1
D:8:      layout_layer_cave, mainiacjoe_overflow_tiny_flanked,
          nicolae_overflow_hidden_temple, kennysheep_pointless_box,
          minmay_misc_feat_iff, nicolae_stop_n_shop_1, grunt_ministairs_1,
          uniq_pikel
D:9:      layout_irregular_city, tgw_kikubaaqudgha
D:10:     layout_irregular_city, mainiacjoe_overflow_large_starburst,
          nicolae_stop_n_shop_1, minivault_19
D:11:     layout_gridville, due_lair_maze_entry_diamond, zombieorc2_lemuel,
          fungi_pond_lemuel
D:12:     layout_grid_maze, minivault_21
D:13:     layout_long_grid, serial_rivers, chequers_serial_rivers_room_a,
          chequers_serial_rivers_micro_d, chequers_serial_rivers_marsh,
          chequers_serial_rivers_room_a
D:14:     layout_basic, erik_vaults_2, grunt_decor_fettered, serial_shops,
          kennysheep_mini_moat
Temple:   nicolae_temple_god_jail
Lair:1:   layout_regular_city, grunt_megastairs_4
Lair:2:   layout_loops_ring, nicolae_volcano_entry_lava_flow, minivault_23,
          beast_lair_carwin_11, serial_bayou_shore_b
Lair:3:   layout_regular_city, minmay_shoals_entry_hut, serial_bayou_shore_b
Lair:4:   layout_hall_layers, minmay_snake_entry_six_corridors, uniq_josephine,
          uniq_snorg
Lair:5:   layout_layer_cave, gauntlet_entry_generic, basic_altar,
          chequers_serial_rivers_small_a, roderic_batcave,
          infiniplex_staircase_pool
Lair:6:   hangedman_lair_caniforms_friends, layout_gridlike, slime_altar_1,
          lemuel_fruit_fields, grunt_megastairs_1
Orc:1:    layout_diamond_mine, mines_bat_river, uniq_maurice, uniq_sonja
Orc:2:    st_orc_town, layout_diamond_mine, mines2_lemuel
Elf:1:    eino_elf_arrival_the_gate, layout_gridlike, trove_entry_hex_spiral,
          hangedman_elf_represent, grunt_megastairs_5, uniq_frances

Skill      XL: |  1  2  3  4  5  6  7  8  9 10 11 12 13 14 |
---------------+-------------------------------------------+-----
Ice Magic      | 5 6 9 11 14 15 18 19 21 | 21.7
Spellcasting   | 3 4 6 8 |  8.3
Fighting       | 2 3 5 |  5.2
Short Blades   | 2 5 6 |  6.0
Dodging        | 4 5 |  5.0
Conjurations   | 1 8 |  8.2
Necromancy     | 7 9 10 | 10.4
Stealth        | |  1.7

Action                   |  1- 3 |  4- 6 |  7- 9 | 10-12 | 13-15 || total
-------------------------+-------+-------+-------+-------+-------++-------
Melee: Whip              |     6 |       |       |     4 |       ||    10
       Dagger            |    60 |   240 |   360 |   989 |   627 ||  2276
       Tailslap          |    10 |    22 |    57 |   146 |    92 ||   327
 Cast: Freeze            |    14 |    22 |    31 |    30 |     1 ||    98
       Frozen Ramparts   |       |     7 |    28 |    61 |    37 ||   133
       Ozocubu's Armour  |       |       |     7 |    66 |    53 ||   126
       Hailstorm         |       |       |       |    97 |   139 ||   236
       Simulacrum        |       |       |       |     3 |    20 ||    23
 Abil: Breathe Frost     |       |       |     1 |     1 |     2 ||     4
Evoke: Wand              |       |       |       |     5 |       ||     5
  Use: Scroll            |       |     2 |     2 |    15 |     9 ||    28
       Potion            |       |       |     3 |     8 |     4 ||    15
 Stab: Sleeping          |     7 |     1 |     3 |       |       ||    11
Armor: Skin              |    12 |    83 |    89 |   441 |   367 ||   992
Dodge: Dodged            |    31 |   163 |   167 |   527 |   418 ||  1306

Table legend: (Time is in decaauts)
 A = Elapsed time spent in this place.
 B = Non-inter-level travel time spent in this place.
 C = Inter-level travel time spent in this place.
 D = Time resting spent in this place.
 E = Time spent auto-exploring this place.
 F = Levels seen in this place.
 G = Mean time per level.
                   A        B        C        D        E       F      G
               +--------+--------+--------+--------+--------+-----+--------+
         Total |  43074 |  34518 |   8556 |  19489 |   6688 |  25 | 1723.0 |
       Dungeon |  23884 |  17961 |   5923 |   9776 |   3965 |  14 | 1706.0 |
        Temple |     90 |     59 |     31 |      0 |     50 |   1 |   90.0 |
          Lair |  13741 |  11532 |   2209 |   7000 |   1842 |   6 | 2290.2 |
  Orcish Mines |   4072 |   3679 |    393 |   2089 |    831 |   2 | 2036.0 |
   Elven Halls |    185 |    185 |      0 |    138 |      0 |   1 |  185.0 |
         Sewer |   1100 |   1100 |      0 |    486 |      0 |   1 | 1100.0 |
               +--------+--------+--------+--------+--------+-----+--------+

Top non-repeatable levels by time:
    D:11: 4550 daAuts
  Lair:3: 3914 daAuts
  Lair:1: 3727 daAuts
     D:7: 2923 daAuts
     D:8: 2673 daAuts
    D:10: 2313 daAuts
  Lair:2: 2295 daAuts
     D:9: 2251 daAuts
   Orc:2: 2183 daAuts
  Lair:5: 2080 daAuts
   Orc:1: 1889 daAuts
     D:5: 1678 daAuts
  Lair:4: 1508 daAuts
     D:6: 1487 daAuts
     D:4: 1297 daAuts
